 Dungeon Crawl Stone Soup version 0.28-a0-1382-g92835e5c71 (webtiles) character file.

Game seed: 17850330718221621254

282555 Deminshera the Slayer (level 20, 0/253 HPs)
             Began as an Ogre Summoner on Dec 31, 2021.
             Was a High Priest of Ashenzari.
             Succumbed to a merfolk impaler's poison
             ... on level 3 of the Shoals on Jan 1, 2022.
             The game lasted 01:57:18 (59666 turns).

Deminshera the Slayer (Ogre Summoner)              Turns: 59666, Time: 01:57:18

Health: 0/253      AC: 12    Str: 17    XL:     20   Next: 94%
Magic:  17/44      EV: 17    Int: 28    God:    Ashenzari [*****.]
Gold:   3250       SH: 25    Dex: 13    Spells: 13/59 levels left

rFire   . . .      SeeInvis +   j - +9 demon trident of the Cursed Jealousy {pain, Fragile rC+ Int+4 Stlth+, Bglg, Self} (curse)
rCold   + + .      Faith    +   n - +8 tower shield "Bound Adversity" {Dex+4, Melee, Comp} (curse)
rNeg    + . .      Spirit   .   r - +5 robe of Night {Dark Will+ SInv, Cun, Comp} (curse)
rPois   +          Reflect  .   g - +1 hat of Ashenzari's Altruism {Elem, Comp} (curse)
rElec   .          Harm     .   M - +2 cloak of the Thief {*Fog Slay-2 SInv Stlth+, Self, Evo} (curse)
rCorr   .          Rampage  .   (gloves unavailable)
Will    +++++      Clarity  +   (boots unavailable)
Stlth   ++++++....              m - amulet of the City {Faith Will+ Int+2 Stlth+}
HPRegen 0.52/turn               N - ring of the Ruined Activism {rC+ EV+4, Cun, Self} (curse)
MPRegen 0.29/turn               V - ring "Ycacoh" {rPois rN+ Will+}

@: lethally poisoned (0 -> -30), studying Dodging
A: large, unfitting armour, tough skin 1
}: 1/15 runes: gossamer
a: Renounce Religion, Curse Item, Shatter the Chains


You were on level 3 of the Shoals.
You worshipped Ashenzari.
Ashenzari was extremely pleased with you.
You visited 7 branches of the dungeon, and saw 34 of its levels.
You also visited: Ice Cave and Desolation.

You collected 4773 gold pieces.
You spent 1523 gold pieces at shops.

Inventory:

Hand Weapons
 j - the cursed +9 demon trident of the Cursed Jealousy (weapon) {pain, Fragile rC+ Int+4 Stlth+, Bglg, Self}
   (You acquired it on level 9 of the Dungeon)

   In the hands of one skilled in necromantic magic, it inflicts extra damage on
   living creatures.
   Int:       It affects your intelligence (+4).
   rC:        It protects you from cold.
   Fragile:   It will be destroyed if unequipped.
   Stlth:     It makes you more stealthy.
   It has a curse which improves the following skills: Beguiling: Conjurations,
   Hexes and Translocations.
   Introspection: Fighting and Spellcasting.
Missiles
 t - a throwing net
Armour
 g - the cursed +1 hat of Ashenzari's Altruism (worn) {Elem, Comp}
   (You found it on level 5 of the Dungeon)

   It has a curse which improves the following skills: Elements: Fire Magic, Ice
   Magic, Air Magic and Earth Magic.
   Companions: Summonings and Necromancy.
 n - the cursed +8 tower shield "Bound Adversity" (worn) {Dex+4, Melee, Comp}
   (You found it on level 2 of the Dungeon)

   Dex:       It affects your dexterity (+4).
   It has a curse which improves the following skills: Melee Combat: Short
   Blades, Long Blades, Axes, Maces & Flails, Polearms, Staves and Unarmed
   Combat.
   Companions: Summonings and Necromancy.
 r - the cursed +5 robe of Night (worn) {Dark Will+ SInv, Cun, Comp}
   (You acquired it on level 2 of the Lair of Beasts)

   It shrouds the wearer in darkness, reducing the range at which they can see
   and be seen by others.
   SInv:      It lets you see invisible.
   Will:      It increases your willpower.
   It has a curse which improves the following skills: Cunning: Dodging and
   Stealth.
   Companions: Summonings and Necromancy.
 M - the cursed +2 cloak of the Thief (worn) {*Fog Slay-2 SInv Stlth+, Self, Evo}
   (You acquired it on level 9 of the Dungeon)

   It may release a thick cloud of smoke when the wearer is hurt.
   Slay:      It affects your accuracy & damage with ranged weapons and melee
   (-2).
   SInv:      It lets you see invisible.
   Stlth:     It makes you more stealthy.
   It has a curse which improves the following skills: Introspection: Fighting
   and Spellcasting.
   Evocations: Evocations.
Jewellery
 l - a ring of protection from fire
 m - the amulet of the City (around neck) {Faith Will+ Int+2 Stlth+}
   (You bought it in a shop on level 2 of the Orcish Mines)

   [amulet of faith]

   It allows you to gain divine favour quickly.
   Int:       It affects your intelligence (+2).
   Will:      It increases your willpower.
   Stlth:     It makes you more stealthy.
 N - the cursed ring of the Ruined Activism (left hand) {rC+ EV+4, Cun, Self}
   (You acquired it on level 10 of the Dungeon)

   [ring of evasion]

   EV:        It affects your evasion (+4).
   rC:        It protects you from cold.
   It has a curse which improves the following skills: Cunning: Dodging and
   Stealth.
   Introspection: Fighting and Spellcasting.
 V - the ring "Ycacoh" (right hand) {rPois rN+ Will+}
   (You found it in the Desolation of Salt)

   [ring of poison resistance]

   rPois:     It protects you from poison.
   rN:        It protects you from negative energy.
   Will:      It increases your willpower.
 W - the amulet of Xashrexo {rN++ Regen+ Int+3}
   (You found it in the Desolation of Salt)

   [amulet of regeneration]

   Int:       It affects your intelligence (+3).
   rN:        It greatly protects you from negative energy.
   Regen:     It increases your rate of health regeneration.
Wands
 d - a wand of flame (40)
 q - a wand of charming (14)
 v - a wand of polymorph (31)
 y - a wand of mindburst (42)
 F - a wand of iceblast (40)
 H - a wand of acid (38)
 O - a wand of digging (6)
 R - a wand of paralysis (10)
Scrolls
 a - 2 scrolls of holy word
 b - a scroll of fear
 f - 3 scrolls of blinking
 h - 3 scrolls of fog
 s - 5 scrolls of vulnerability
 w - 3 scrolls of summoning
 x - a scroll of magic mapping
 C - 3 scrolls of amnesia
 G - 2 scrolls of silence
 I - 12 scrolls of teleportation
 K - 2 scrolls of brand weapon
Potions
 c - 6 potions of might
 e - 12 potions of curing
 i - 4 potions of brilliance
 k - 12 potions of flight
 o - 4 potions of haste
 p - 4 potions of lignification
 u - 5 potions of invisibility
 z - 6 potions of cancellation
 A - 2 potions of ambrosia
 B - 2 potions of magic
 E - 3 potions of heal wounds
 Q - 2 potions of berserk rage


   Skills:
 + Level 21.2(26.3) Fighting
 - Level 11.3(14.0) Polearms
 - Level 7.2 Armour
 - Level 5.9(10.0) Dodging
 - Level 3.0(6.4) Stealth
 - Level 12.6 Shields
 - Level 14.5(20.0) Spellcasting
 - Level 19.8(25.0) Summonings
 - Level 8.4(13.8) Necromancy
 - Level 2.8(5.1) Translocations
 - Level 4.0(6.4) Air Magic


You had 13 spell levels left.
You knew the following spells:

 Your Spells              Type           Power      Damage    Failure   Level
a - Summon Small Mammal   Summ           100%       N/A       0%          1
b - Call Imp              Summ           100%       N/A       0%          2
c - Call Canine Familiar  Summ           100%       N/A       0%          3
d - Summon Lightning Spi  Summ/Air       86%        N/A       1%          4
e - Summon Forest         Summ/Tloc      42%        N/A       1%          5
f - Summon Hydra          Summ           53%        N/A       1%          7
g - Summon Horrible Thin  Summ           53%        N/A       1%          8
h - Monstrous Menagerie   Summ           53%        N/A       1%          7
i - Dragon's Call         Summ           53%        N/A       9%          9

Your spell library contained the following spells:

 Spells                   Type           Power      Damage    Failure   Level
 Sublimation of Blood     Necr           81%        N/A       0%          2
 Foxfire                  Conj/Fire      100%       2x1d9     1%          1
 Freeze                   Ice            100%       1d11      1%          1
 Magic Dart               Conj           100%       1d8       1%          1
 Slow                     Hex            100%       N/A       1%          1
 Gell's Gravitas          Tloc           54%        N/A       1%          3
 Lesser Beckoning         Tloc           54%        N/A       1%          3
 Summon Guardian Golem    Hex/Summ       78%        N/A       1%          3
 Teleport Other           Tloc           54%        N/A       1%          3
 Vampiric Draining        Necr           81%        2d11      1%          3
 Animate Armour           Summ/Erth      100%       N/A       1%          4
 Summon Ice Beast         Ice/Summ       78%        N/A       1%          4
 Agony                    Necr           81%        N/A       1%          5
 Excruciating Wounds      Necr           40%        N/A       1%          5
 Mephitic Cloud           Conj/Pois/Air  40%        N/A       2%          3
 Portal Projectile        Hex/Tloc       86%        N/A       2%          3
 Searing Ray              Conj           58%        2d6       3%          2
 Passage of Golubria      Tloc           54%        N/A       3%          4
 Malign Gateway           Summ/Tloc      42%        N/A       4%          7
 Confusing Touch          Hex            29%        N/A       6%          3
 Conjure Flame            Conj/Fire      29%        6-21      6%          3
 Dazzling Flash           Conj/Hex       58%        N/A       6%          3
 Frozen Ramparts          Ice            58%        1d7       6%          3
 Inner Flame              Hex/Fire       29%        N/A       6%          3
 Stone Arrow              Conj/Erth      58%        3d10      6%          3
 Ignite Poison            Fire/Tmut/Pois 28%        N/A       7%          3
 Spider Form              Tmut/Pois      28%        N/A       7%          3
 Iskenderun's Mystic Bla  Conj/Tloc      43%        2d10      8%          4
 Spellforged Servitor     Conj/Summ      39%        N/A       11%         7
 Silence                  Hex/Air        23%        N/A       16%         5
 Flame Wave               Conj/Fire      29%        2d6       21%         4
 Fulminant Prism          Conj/Hex       14%        3d9       21%         4
 Hailstorm                Conj/Ice       29%        3d8       21%         4
 Leda's Liquefaction      Hex/Erth       14%        N/A       21%         4
 Sticky Flame             Conj/Fire      29%        2d5       21%         4
 Simulacrum               Ice/Necr       30%        N/A       21%         6
 Petrify                  Tmut/Erth      28%        N/A       22%         4
 Olgreb's Toxic Radiance  Pois           28%        N/A       24%         4
 Freezing Cloud           Conj/Ice/Air   20%        6-21      26%         5
 Fireball                 Conj/Fire      14%        3d8       50%         5
 Iskenderun's Battlesphe  Conj           29%        2d8       50%         5
 Metabolic Englaciation   Hex/Ice        14%        N/A       50%         5
 Irradiate                Conj/Tmut      14%        3d18      52%         5
 Blade Hands              Tmut           14%        N/A       54%         5
 Conjure Ball Lightning   Conj/Air       23%        3x3d6     65%         6
 Starburst                Conj/Fire      14%        6d6       97%         6
 Eringya's Noxious Bog    Tmut/Pois      14%        N/A       98%         6
 Statue Form              Tmut/Erth      18%        N/A       98%         6
 Orb of Destruction       Conj           14%        9d7       100%        7
 Ignition                 Fire           14%        3d6       100%        8
 Lehudib's Crystal Spear  Conj/Erth      14%        10d5      100%        8
 Chain Lightning          Conj/Air       23%        3d31      100%        9
 Polar Vortex             Ice            14%        N/A       100%        9


Dungeon Overview and Level Annotations

Branches:
Dungeon (15/15)            Temple (1/1) D:7            Lair (6/6) D:9
 Shoals (3/4) Lair:3       Spider (4/4) Lair:4        Slime (0/5) Lair:5
    Orc (2/2) D:10            Elf (3/3) Orc:2        Vaults (0/5) D:14
 Depths (0/4) D:15          IceCv (visited)         Desolation (visited)

Altars:
Ashenzari
Cheibriados
Dithmenos
Elyvilon
Fedhas
Hepliaklqana
Kikubaaqudgha
Nemelex Xobeh
Ru
Uskayaw
Vehumet
Wu Jian
Xom
Yredelemnul
Beogh

Shops:
D:10 *   D:11 =   D:13 *   Orc:1 *   Orc:2 [*(:   Elf:1 :   Elf:2 :   Elf:3 :

Portals:
Trove: D:13 (give +3 shadow dragon scales)


Innate Abilities, Weirdness & Mutations

You are too large for most types of armour.
You have tough skin. (AC +1)


Message History

The merfolk hits you from afar with a +0 trident.
* * * LOW HITPOINT WARNING * * *
The merfolk impaler hits you but does no damage.
Your manticore barely misses the merfolk.
Your manticore closely misses the merfolk.
Your manticore claws the merfolk!
The merfolk dies!
You struggle against the net.
You feel very sick. The merfolk closely misses you.
Your sphinx hits the merfolk but does no damage.
Your sphinx hits the merfolk. x2
The merfolk hits you from afar with a +0 spear.
* * * LOW HITPOINT WARNING * * *
The merfolk impaler hits you from afar with a +2 trident of venom!
* * * LOW HITPOINT WARNING * * *
The merfolk hits you from afar with a +0 trident.
* * * LOW HITPOINT WARNING * * *
You feel much better.
You feel very sick.
The merfolk impaler hits you but does no damage.
The merfolk throws a boomerang.
The boomerang barely misses your large abomination.
The boomerang hits you!
* * * LOW HITPOINT WARNING * * *
Your sphinx hits the merfolk!
Your sphinx completely misses the merfolk.
Your sphinx misses the merfolk.
The merfolk hits you from afar with a +0 spear!
* * * LOW HITPOINT WARNING * * *
Your large abomination closely misses the merfolk.
The merfolk hits you from afar with a +0 trident.
* * * LOW HITPOINT WARNING * * *
The merfolk impaler hits you from afar with a +2 trident of venom!!
* * * LOW HITPOINT WARNING * * *
You are more poisoned.
Blink to where?
Press: ? - help, Dir - move target
As you read the scroll of blinking, it crumbles to dust.
You die...

≈ ≈≈
≈,...##......#....≈≈≈≈...≈
≈≈ ,
....#......#...≈≈≈≈≈≈..≈ ≈≈
≈ ,,.........(....≈≈≈≈≈[≈≈..
≈ ,,
...>...........≈≈≈......
≈,,,..........>....≈≈≈.#....
≈≈≈≈
≈.....##..###.≈≈≈≈.#.... **
≈
≈≈≈,.≈....#...###.≈≈≈.......
≈≈≈
≈≈≈≈≈≈≈.......≈.≈≈...≈≈...
≈≈ ≈≈≈≈....@...≈≈≈≈≈≈≈.≈≈...
≈ ≈ ≈
≈≈≈≈≈......≈≈..≈≈≈≈≈≈..##
≈≈≈≈
≈≈≈≈≈....≈......≈≈≈≈≈≈..## ≈
≈ ≈≈
≈≈≈≈≈?...≈≈..≈≈≈≈≈≈≈≈....
≈≈≈ ≈≈≈≈≈X.##...≈≈≈
≈≈≈≈≈≈... ≈≈≈≈≈≈X§X##..≈≈≈.
≈≈≈≈.≈≈. ≈ ,.##..XHH..(≈≈.,
,≈.≈.≈≈≈. ≈ ≈, *#.mmmm.≈.≈≈
, .....≈≈≈ *#..≈m≈.≈≈≈ ,
≈....≈≈


You could see 3 friendly large abominations.

Vanquished Creatures
  Nikola (Spider:1)
  A deep elf blademaster (Elf:2)
  Donald (Shoals:1)
  2 emperor scorpions
  5 ghost moths
  An imperial myrmidon (Desolation)
  2 deep elf sorcerers (Elf:3)
  A deep elf elementalist (Elf:2)
  Nessos (Lair:6)
  2 deep elf demonologists
  An entropy weaver (Spider:1)
  3 spark wasps
  A deep elf death mage (Elf:2)
  A crystal guardian (Desolation)
  3 merfolk impalers
  A fire dragon (Elf:2)
  2 rakshasas (D:15)
  5 peacekeepers
  5 boulder beetles
  Josephine (D:12)
  4 servants of whispers (Desolation)
  5 ragged hierophants (Desolation)
  9 hydras
  4 centaur warriors (D:15)
  A death knight (D:15)
  4 merfolk avatars
  A catoblepas (D:15)
  A slime creature (D:15)
  3 tengu warriors (D:14)
  A radroach (Spider:1)
  10 dancing weapons
  3 orc high priests (Orc:2)
  11 deep elf knights
  3 pharaoh ants
  2 skeletal warriors (D:14)
  3 sea snakes
  A shadow wraith (Shoals:1)
  A spectral ghost moth (Spider:4)
  A sun moth (Spider:1)
  A glowing orange brain (D:15)
  7 orb spiders
  A harpy (shapeshifter) (D:14)
  2 lindwurms (Lair:5)
  25 deep elf pyromancers
  4 ironbound convokers (Desolation)
  5 deep elf archers
  4 orc knights
  16 deep elf zephyrmancers
  12 harpies
  A phantasmal warrior (D:15)
  14 wolf spiders
  4 nameless horrors
  4 orc sorcerers (Orc:2)
  3 ugly things
  10 manticores
  5 cyclopes
  6 fauns
  2 moths of wrath
  An elephant (Lair:6)
  An ice statue (IceCv)
  3 merfolk sirens (Shoals:1)
  5 black mambas
  2 water nymphs
  A torpor snail (Spider:3)
  A molten gargoyle (Desolation)
  6 cane toads
  3 demonic crawlers
  12 komodo dragons
  Psyche (D:11)
  2 freezing wraiths
  3 ice devils (IceCv)
  3 rime drakes
  6 trolls
  2 wind drakes (Lair:6)
  4 merfolk (Shoals:1)
  A meliai (Spider:2)
  3 hornets
  27 saltlings (Desolation)
  13 blink frogs
  20 tarantellas
  6 dream sheep
  6 snapping turtles
  6 culicivoras
  18 jumping spiders
  3 water elementals
  4 air elementals
  13 yaks
  A dire elephant simulacrum (IceCv)
  A shadow (D:11)
  8 wraiths
  4 wyverns
  A yak (shapeshifter) (Elf:3)
  A vampire (D:10)
  A fire elemental (Elf:2)
  A hog (Lair:3)
  40 redbacks
  2 basilisks
  6 vampire mosquitoes
  A warg (Orc:1)
  10 water moccasins
  19 orc warriors
  8 wolves
  4 boggarts
  5 ogres
  6 centaurs
  5 bullfrogs
  2 scorpions
  2 gnoll sergeants
  2 two-headed ogre simulacra (IceCv)
  An earth elemental (Elf:3)
  A wyvern zombie (D:6)
  2 cane toad simulacra (IceCv)
  A water moccasin skeleton (D:4)
  A killer bee (D:9)
  3 howler monkeys
  2 electric eels
  2 centaur zombies
  A lava snake (D:13)
  A jelly (D:6)
  12 orc priests
  A bullfrog skeleton (D:5)
  2 iguanas
  19 orc wizards
  A polar bear simulacrum (IceCv)
  2 troll simulacra (IceCv)
  A hound skeleton (D:4)
  A howler monkey skeleton (D:7)
  8 gnolls
  5 adders
  2 naga simulacra (IceCv)
  2 white imps (IceCv)
  An ufetubus (IceCv)
  35 orcs
  4 ball pythons
  2 bats
  2 endoplasms (D:3)
  11 giant cockroaches
  A goblin (D:4)
  5 hobgoblins
  4 jackals
  2 quokkas
  A frilled lizard (D:2)
  9 kobolds
  2 rats (D:3)
690 creatures vanquished.

Vanquished Creatures (collateral kills)
  Arachne (Spider:3)
  Asterion (Spider:1)
  Mlioglotl (Spider:1)
  A deep elf blademaster (Elf:3)
  The ghost of niknal the Necromancer, an adept DDNe of Makhleb (Spider:4)
  A storm dragon (Elf:2)
  Kirke (Lair:3)
  A shadow dragon (Elf:2)
  An orc warlord (Orc:2)
  6 deep elf sorcerers
  An imperial myrmidon (Desolation)
  2 ghost moths (Spider:4)
  4 emperor scorpions
  Louise (Elf:2)
  The ghost of ChaosChampion the Brawler, a journeyman DrTm of Okawaru (Orc:2)
  6 deep elf elementalists
  A reaper (IceCv)
  Azrael (Spider:1)
  4 deep elf annihilators (Elf:3)
  A halazid warlock (Desolation)
  6 deep elf demonologists
  3 spark wasps
  3 entropy weavers
  2 crystal guardians (Desolation)
  A merfolk impaler (Shoals:1)
  4 deep elf high priests (Elf:3)
  4 ragged hierophants (Desolation)
  3 deep elf death magi (Elf:3)
  3 jorogumos
  2 servants of whispers (Desolation)
  2 peacekeepers (Desolation)
  5 hydras
  3 boulder beetles
  2 centaur warriors
  2 rakshasas
  An ice dragon (Elf:2)
  A radroach (Spider:3)
  3 catoblepae
  A death knight (D:13)
  11 dancing weapons
  A merfolk avatar (Shoals:2)
  3 two-headed ogres
  4 tengu warriors
  6 death yaks (Lair:6)
  5 deep elf knights
  An orc high priest (Elf:1)
  5 skeletal warriors
  A spectral spark wasp (Spider:4)
  2 sun moths
  6 pharaoh ants
  A spectral ghost moth (Spider:4)
  5 steelbarb worms
  4 sea snakes
  4 orb spiders
  A phantasmal warrior (D:13)
  An ironbound convoker (Desolation)
  3 deep elf archers
  4 harpies
  A necromancer (D:14)
  A spectral broodmother (Spider:4)
  An orc knight (Orc:2)
  11 wolf spiders
  14 deep elf pyromancers
  5 deep elf zephyrmancers
  2 orc sorcerers (Orc:2)
  8 ugly things
  3 fauns
  2 spectral radroaches (Spider:4)
  2 cyclopes
  7 slime creatures
  4 merfolk sirens
  2 manticores
  An ice statue (IceCv)
  4 guardian serpents (Desolation)
  A guardian serpent (shapeshifter) (D:15)
  7 cane toads
  2 gargoyles
  An emperor scorpion simulacrum (Spider:4)
  2 freezing wraiths
  6 demonic crawlers
  2 spark wasp simulacra (Spider:4)
  A ghost moth simulacrum (Spider:4)
  3 kobold demonologists (D:14)
  2 rime drakes (Lair:6)
  3 ice devils (IceCv)
  An efreet (D:14)
  11 meliai
  A troll (D:8)
  6 merfolk
  A polar bear (Lair:6)
  A wolf spider simulacrum (D:14)
  3 hornets (Spider:4)
  8 tarantellas
  7 blink frogs
  29 saltlings (Desolation)
  4 dream sheep
  A snapping turtle (Shoals:1)
  An air elemental (Elf:3)
  11 culicivoras
  A vampire (D:9)
  4 wraiths
  11 jumping spiders
  A water elemental (Shoals:1)
  5 fire elementals
  4 hogs
  A basilisk (Lair:1)
  18 yaks
  2 steam dragons (Lair:6)
  45 redbacks
  A death yak simulacrum (IceCv)
  2 wargs (D:10)
  3 vampire mosquitoes
  3 hell hounds (Spider:1)
  Duvessa (D:7)
  3 water moccasins
  A sky beast (D:8)
  A hornet zombie (D:8)
  12 orc warriors
  A black bear (D:5)
  An ogre (D:7)
  A boggart (D:15)
  9 wolves
  4 centaurs
  3 bullfrogs
  2 kobold brigands
  An earth elemental (Elf:2)
  2 cane toad simulacra (IceCv)
  A scorpion (D:5)
  Dowan (D:7)
  3 killer bees (D:9)
  3 wights (D:8)
  A howler monkey (D:9)
  A hound (D:6)
  4 centaur zombies
  A gnoll shaman (D:7)
  2 jellies
  Crazy Yiuf (D:7)
  10 orc priests
  2 bullfrog skeletons
  An iguana (D:5)
  10 orc wizards
  A polar bear simulacrum (IceCv)
  A howler monkey skeleton (D:7)
  A naga simulacrum (IceCv)
  2 adders
  6 gnolls
  A white imp (IceCv)
  2 ufetubi
  An adder skeleton (D:4)
  A dart slug (D:1)
  49 orcs
  3 ball pythons (D:4)
  3 endoplasms
  6 giant cockroaches
  6 goblins
  4 hobgoblins
  3 jackals
  A quokka (D:3)
  4 bats
  3 frilled lizards
  15 kobolds
  3 rats
639 creatures vanquished.

Vanquished Creatures (others)
  A peacekeeper (Desolation)
  A wolf spider (Spider:1)
  A saltling (Desolation)
  A jumping spider (Spider:2)
  An air elemental (Elf:2)
  A water elemental (Elf:2)
  A redback (Spider:2)
  A boggart (D:15)
  A fire vortex (D:13)
  28 fungi
  74 plants
  2 snaplasher vines
113 creatures vanquished.

Grand Total: 1442 creatures vanquished

Notes
Turn   | Place    | Note
-------+----------+-------------------------------------------
     0 | D:1      | Deminshera the Ogre Summoner began the quest for the Orb.
     0 | D:1      | Reached XP level 1. HP: 16/16 MP: 3/3
   847 | D:1      | Reached XP level 2. HP: 20/24 MP: 2/5
   850 | D:1      | Learned a level 2 spell: Call Imp
  1713 | D:1      | Found a faded altar of an unknown god.
  2162 | D:2      | Reached XP level 3. HP: 31/31 MP: 5/7
  2333 | D:2      | Identified the +8 tower shield of Vawen {Dex+4}
  2605 | D:2      | Learned a level 3 spell: Call Canine Familiar
  3070 | D:2      | Reached XP level 4. HP: 39/39 MP: 9/9
  3080 | D:2      | Learned a level 4 spell: Summon Lightning Spire
  4136 | D:3      | Reached XP level 5. HP: 45/45 MP: 7/11
  4172 | D:3      | Reached skill level 1 in Shields
  4172 | D:3      | Reached skill level 1 in Air Magic
  4900 | D:4      | Reached XP level 6. HP: 41/53 MP: 12/12
  5596 | D:4      | Reached skill level 5 in Summonings
  6272 | D:4      | Reached skill level 5 in Spellcasting
  6277 | D:4      | Reached XP level 7. HP: 59/59 MP: 3/14
  6777 | D:5      | Entered Level 5 of the Dungeon
  6967 | D:5      | Reached skill level 1 in Fighting
  7970 | D:5      | Reached skill level 2 in Fighting
  7970 | D:5      | Reached XP level 8. HP: 67/72 MP: 7/15
  8132 | D:5      | Found a hazy altar of Hepliaklqana.
  8139 | D:5      | Found a white marble altar of Elyvilon.
  8944 | D:6      | Reached skill level 3 in Fighting
 11641 | D:6      | Reached skill level 4 in Fighting
 12442 | D:7      | Found a staircase to the Ecumenical Temple.
 12451 | D:7      | Reached skill level 5 in Fighting
 12451 | D:7      | Reached XP level 9. HP: 88/88 MP: 13/16
 12456 | D:7      | Noticed Dowan
 12459 | Temple   | Entered the Ecumenical Temple
 12515 | Temple   | Became a worshipper of Ashenzari the Shackled
 12530 | D:7      | Noticed Duvessa
 12537 | D:7      | Killed Dowan
 12557 | D:7      | Killed Duvessa
 13714 | D:7      | Found a runed translucent door.
 13715 | D:7      | Noticed Crazy Yiuf
 14019 | D:7      | Killed Crazy Yiuf
 14220 | D:8      | Noticed a troll
 14224 | D:8      | Killed a troll
 14225 | D:8      | Reached skill level 5 in Shields
 15192 | D:8      | Identified the +5 dagger "Oraryr" {protect, rC++ Str+4}
 15366 | D:8      | Found a sacrificial altar of Ru.
 15603 | D:9      | Reached XP level 10. HP: 96/96 MP: 12/17
 15727 | D:9      | Reached skill level 10 in Summonings
 16221 | D:9      | Reached skill level 1 in Polearms
 16467 | D:9      | Found a staircase to the Lair.
 16665 | D:9      | Noticed a two-headed ogre
 16680 | D:9      | Killed a two-headed ogre
 16983 | D:9      | Found a sparkling altar of Nemelex Xobeh.
 16989 | D:9      | Reached * piety under Ashenzari
 16989 | D:9      | Identified 2 scrolls of acquirement
 16990 | D:9      | Acquired the +2 cloak of the Thief {*Fog Slay-2 SInv
                  | Stlth+}
 16990 | D:9      | Found the +2 cloak of the Thief {*Fog Slay-2 SInv Stlth+}
 17002 | D:9      | Acquired the +9 demon trident of Darkness {pain, Fragile
                  | rC+ Int+4 Stlth+}
 17199 | D:10     | Entered Level 10 of the Dungeon
 17482 | D:10     | Found Naziemar's General Store.
 17534 | D:10     | Noticed a two-headed ogre
 17548 | D:10     | Killed a two-headed ogre
 17872 | D:10     | Acquired the ring of Salvation {rC+ EV+4}
 18062 | D:10     | Noticed a rakshasa
 18062 | D:10     | Noticed a deep elf pyromancer
 18163 | D:9      | Killed a rakshasa
 18164 | D:9      | Reached skill level 5 in Polearms
 18328 | D:9      | Killed a deep elf pyromancer
 18329 | D:9      | Reached XP level 11. HP: 60/102 MP: 13/18
 18688 | D:10     | Found a staircase to the Orcish Mines.
 18737 | D:10     | Learned a level 5 spell: Summon Forest
 19474 | Lair:1   | Entered Level 1 of the Lair of Beasts
 19512 | Lair:1   | Found a frozen archway.
 19522 | IceCv    | Entered an ice cave
 19523 | IceCv    | Reached ** piety under Ashenzari
 19632 | IceCv    | Reached skill level 1 in Translocations
 19961 | IceCv    | Reached skill level 1 in Armour
 20581 | IceCv    | Reached skill level 6 in Fighting
 21079 | IceCv    | Noticed a reaper
 21198 | IceCv    | Killed a reaper
 21677 | Lair:1   | Reached skill level 7 in Fighting
 22058 | Lair:1   | Reached XP level 12. HP: 114/123 MP: 16/21
 22458 | Lair:1   | Reached skill level 8 in Fighting
 22481 | Lair:1   | Reached skill level 10 in Shields
 22862 | Lair:1   | Noticed a six-headed hydra
 22893 | Lair:1   | Killed a six-headed hydra
 22975 | Lair:1   | Reached *** piety under Ashenzari
 23126 | Lair:1   | Noticed a four-headed hydra
 23133 | Lair:1   | Killed a four-headed hydra
 23852 | Lair:2   | Noticed an eight-headed hydra
 23892 | Lair:2   | Killed an eight-headed hydra
 24203 | Lair:2   | Found a basalt altar of Yredelemnul.
 24350 | Lair:2   | Acquired the +5 robe of Night {Dark Will+ SInv}
 24350 | Lair:2   | Found the +5 robe of Night {Dark Will+ SInv}
 24428 | Lair:2   | Reached **** piety under Ashenzari
 24867 | Lair:3   | Noticed a four-headed hydra
 24878 | Lair:3   | Killed a four-headed hydra
 25102 | Lair:3   | Reached skill level 9 in Fighting
 25185 | Lair:3   | Found a staircase to the Shoals.
 25684 | Lair:4   | Noticed a four-headed hydra
 25686 | Lair:4   | Noticed a five-headed hydra
 25694 | Lair:4   | Killed a four-headed hydra
 25703 | Lair:4   | Killed a five-headed hydra
 25705 | Lair:4   | Reached XP level 13. HP: 101/141 MP: 22/26
 25934 | Lair:4   | Noticed Kirke
 25936 | Lair:4   | Noticed a sphinx
 26040 | Lair:3   | Identified the cursed +1 hat of Ashenzari's Altruism {Elem,
                  | Comp} (You found it on level 5 of the Dungeon)
 26138 | Lair:3   | Killed Kirke
 26291 | Lair:4   | Reached skill level 10 in Fighting
 26383 | Lair:4   | Found a hole to the Spider Nest.
 27227 | Lair:5   | Found a staircase to the Slime Pits.
 27466 | Lair:5   | Reached skill level 11 in Fighting
 27692 | Lair:5   | Reached skill level 1 in Necromancy
 27732 | Lair:5   | Reached ***** piety under Ashenzari
 27922 | Lair:6   | Entered Level 6 of the Lair of Beasts
 28143 | Lair:5   | Learned a level 7 spell: Summon Hydra
 28177 | Lair:6   | Reached skill level 10 in Polearms
 28181 | Lair:6   | Reached XP level 14. HP: 156/159 MP: 19/28
 28361 | Lair:6   | Noticed Nessos
 28379 | Lair:6   | Killed Nessos
 28939 | Lair:6   | Identified the +5 trident of Wu Jian's Displeasure {vorpal,
                  | Dex+3}
 28941 | Lair:6   | Identified the +11 short sword "Axuetuowo" {spect, rF+
                  | Str+4 Dex+2}
 29152 | Lair:6   | Reached skill level 5 in Dodging
 29922 | D:11     | Noticed Psyche
 29948 | D:11     | Killed Psyche
 30210 | D:11     | Found Ilull's Jewellery Shop.
 31032 | D:12     | Noticed Josephine
 31040 | D:12     | Killed Josephine
 31210 | D:12     | Reached skill level 5 in Armour
 31696 | D:13     | Reached XP level 15. HP: 171/171 MP: 30/30
 31821 | D:13     | Found Peawunk's Demolitions Depot.
 32537 | D:13     | Found a portal to a secret trove of treasure.
 32710 | D:14     | Identified the +7 plate armour "Izocipah" {rPois Dex+4
                  | SInv}
 32725 | D:14     | Found a radiant altar of Vehumet.
 32746 | D:14     | Found a gate to the Vaults.
 34196 | D:15     | Entered Level 15 of the Dungeon
 34300 | D:15     | Reached skill level 5 in Necromancy
 34976 | D:14     | Upgraded the game from 0.28-a0-1365-g7e0445c96d to
                  | 0.28-a0-1382-g92835e5c71
 35133 | D:15     | Reached XP level 16. HP: 180/180 MP: 24/31
 35256 | D:15     | Found a staircase to the Depths.
 35259 | D:15     | Found a shimmering altar of Xom.
 35260 | D:15     | Found a shimmering altar of Xom.
 35299 | D:15     | Found a shimmering altar of Xom.
 35299 | D:15     | Found a shimmering altar of Xom.
 35301 | D:15     | Found a shimmering altar of Xom.
 35301 | D:15     | Found a shimmering altar of Xom.
 35303 | D:15     | Found a shimmering altar of Xom.
 35509 | D:15     | Identified the +3 scale mail of Green Leaves {rF+ rCorr
                  | Dex-3}
 36375 | Orc:1    | Entered Level 1 of the Orcish Mines
 36658 | Orc:2    | Entered Level 2 of the Orcish Mines
 36748 | Orc:2    | Found a staircase to the Elven Halls.
 36896 | Orc:2    | Reached skill level 12 in Fighting
 36931 | Orc:1    | Found Gashriud's Overcharged Wands.
 37551 | Orc:2    | Reached skill level 13 in Fighting
 37697 | Orc:2    | Found Late's General Store.
 37702 | Orc:2    | Found Sesunn's Book Shop.
 37702 | Orc:2    | Found Xogrom's Antique Armour Boutique.
 37711 | Orc:2    | Found Fevusk's Antique Weapon Boutique.
 37825 | Orc:2    | Found a runed translucent door.
 37826 | Orc:2    | Found a shimmering altar of Xom.
 37826 | Orc:2    | Noticed ChaosChampion's ghost (journeyman DrTm)
 37935 | Orc:2    | Bought a Grand Grimoire for 510 gold pieces
 38208 | Orc:2    | Learned a level 8 spell: Summon Horrible Things
 38637 | Orc:2    | Killed ChaosChampion's ghost
 38737 | Orc:2    | Bought the amulet of the City {Faith Will+ Int+2 Stlth+}
                  | for 1013 gold pieces
 38876 | Elf:1    | Entered Level 1 of the Elven Halls
 38897 | Elf:1    | Reached skill level 14 in Fighting
 38929 | Elf:1    | Found a radiant altar of Vehumet.
 38939 | Elf:1    | Paralysed by an air elemental for 1 turns
 39039 | Elf:1    | Found Zepnon's Book Boutique.
 39074 | Elf:1    | Reached skill level 15 in Fighting
 39139 | Elf:1    | Identified the Handbook of the Entourage
 39203 | Elf:1    | Learned a level 7 spell: Monstrous Menagerie
 40638 | Elf:2    | Found a crumbling gateway.
 40656 | Desolati | Entered the Desolation of Salt
 40674 | Desolati | Reached XP level 17. HP: 182/205 MP: 18/32
 40864 | Desolati | Identified the ring "Kyuful" {Drain rElec rPois rF- rN+
                  | Dex+3 SInv}
 41097 | Desolati | Identified the +3 mace of Qoitrosk {flame, Fly Str+6 Dex-3}
 41288 | Desolati | Reached skill level 15 in Summonings
 41311 | Desolati | Identified the ring "Ycacoh" {rPois rN+ Will+}
 41740 | Desolati | Identified the Handbook of Cold and Feathers
 41741 | Desolati | Identified the +2 scimitar of Honour {holy, rPois Str+7
                  | Int-4}
 41742 | Desolati | Identified the Papyrus of Nocuous Air
 41742 | Desolati | Identified the amulet of Xashrexo {rN++ Regen+ Int+3}
 41838 | Desolati | Identified the ring of Lies {Will+ MP-9 Str+4 SInv Stlth+}
 42652 | Elf:2    | Found Wulo's Book Shoppe.
 42710 | Elf:2    | Identified the +5 mace of Supply {elec, rElec rCorr Dex+2}
 42713 | Elf:2    | Identified the +1 robe "Xisaunwecutt" {rF+ Will+}
 43233 | Elf:2    | Noticed a deep elf blademaster
 43247 | Elf:2    | Killed a deep elf blademaster
 43393 | Elf:2    | Noticed Louise
 43403 | Elf:2    | Killed Louise
 43498 | Elf:2    | Reached XP level 18. HP: 189/215 MP: 20/35
 43950 | Elf:2    | Found a runed translucent gate.
 43950 | Elf:2    | Found a runed translucent gate.
 43950 | Elf:2    | Found a runed translucent gate.
 44330 | Elf:2    | Noticed a Hell Sentinel
 44409 | Elf:2    | Found a runed translucent gate.
 44409 | Elf:2    | Found a runed translucent gate.
 44409 | Elf:2    | Found a runed translucent gate.
 44409 | Elf:2    | Found a runed translucent gate.
 44409 | Elf:2    | Found a runed translucent gate.
 44443 | Elf:2    | Found a runed translucent gate.
 45281 | Elf:3    | Entered Level 3 of the Elven Halls
 45421 | Elf:3    | Learned a level 9 spell: Dragon's Call
 45465 | Elf:3    | Paralysed by an air elemental for 1 turns
 45815 | Elf:3    | Reached skill level 10 in Spellcasting
 45822 | Elf:3    | Paralysed by an air elemental for 1 turns
 45839 | Elf:2    | Paralysed by an air elemental for 1 turns
 46379 | Elf:3    | Noticed a deep elf blademaster
 46384 | Elf:3    | Killed a deep elf blademaster
 47260 | Elf:3    | Found Siluwoank's Book Emporium.
 47377 | Elf:3    | Noticed a deep elf master archer
 47415 | Elf:3    | Noticed an Ice Fiend
 47426 | Elf:3    | Reached XP level 19. HP: 223/223 MP: 39/39
 47554 | Elf:3    | Noticed a Brimstone Fiend
 47576 | Elf:3    | Identified the Reference Book on the Escort and the
                  | Volcanoes
 47577 | Elf:3    | Identified the Disquisition on Blistering Calling
 48252 | Spider:1 | Entered Level 1 of the Spider Nest
 48272 | Spider:1 | Noticed Mlioglotl
 48288 | Spider:1 | Noticed Azrael
 48293 | Spider:1 | Killed Mlioglotl
 48298 | Spider:1 | Killed Azrael
 49407 | Spider:1 | Noticed Nikola
 49425 | Spider:1 | Killed Nikola
 49900 | Spider:1 | Noticed Asterion
 49908 | Spider:1 | Killed Asterion
 50696 | Spider:1 | Identified the +3 pair of boots of Tenon {rElec Str-5 Int+4
                  | Dex+3 Stlth+}
 52055 | Spider:1 | HP: 5/223 [poisoned by a redback]
 53206 | Spider:3 | Noticed Arachne
 53215 | Spider:3 | Killed Arachne
 53436 | Spider:3 | Reached XP level 20. HP: 200/234 MP: 15/43
 53521 | Spider:3 | Reached skill level 16 in Fighting
 53690 | Spider:3 | Identified the +3 hand axe of Tunoreze {drain, rElec}
 53692 | Spider:3 | Identified the +9 plate armour of the Tuna {rF+ Str+4
                  | Stlth-}
 53698 | Spider:3 | Identified the +1 rapier of Context {elec, rF- Int+2 SInv}
 54379 | Spider:4 | Entered Level 4 of the Spider Nest
 54402 | Spider:4 | Found a runed translucent gate.
 54403 | Spider:4 | Found a runed translucent gate.
 54404 | Spider:4 | Found a runed translucent gate.
 54419 | Spider:4 | Identified the +0 pair of boots "Cuf Ammi" {Int+4}
 54934 | Spider:4 | Noticed niknal's ghost (adept DDNe)
 54938 | Spider:4 | Reached skill level 17 in Fighting
 55920 | Spider:4 | Reached skill level 18 in Fighting
 56389 | Spider:4 | Got a gossamer rune of Zot
 56797 | Spider:4 | Reached skill level 19 in Fighting
 56804 | Spider:4 | Killed niknal's ghost
 57034 | Shoals:1 | Entered Level 1 of the Shoals
 57781 | Shoals:1 | Noticed Donald
 57790 | Shoals:1 | Killed Donald
 57857 | Shoals:1 | Reached skill level 20 in Fighting
 59486 | Shoals:3 | Reached skill level 21 in Fighting
 59642 | Shoals:3 | Identified the +6 scale mail "Kazil" {Drain Fly rF+ Int+4}
 59665 | Shoals:3 | HP: 6/253 [merfolk impaler (19)]
 59666 | Shoals:3 | Succumbed to a merfolk impaler's poison

Illustrated notes

Levels and vault maps discovered:
D:1:      shiori_shiawase, layout_loops_ring, basic_ecumenical_altar,
          minmay_liquid_box
D:2:      minmay_roachtagon, layout_basic, minmay_misc_feat_tower
D:3:      layout_rooms, guppyfry_early_orc_mine
D:4:      layout_loops_ring, nicolae_grassy_gnolls
D:5:      layout_gridville, mainiacjoe_overflow_big_doors, serial_rivers,
          chequers_serial_rivers_room_b, chequers_serial_rivers_small_b,
          chequers_serial_rivers_micro_d, chequers_serial_rivers_micro_a,
          chequers_serial_rivers_micro_d
D:6:      layout_basic
D:7:      layout_rooms, minmay_temple_entry_stoned_glass,
          uniq_crazy_yiuf_cottage, uniq_duvessa
D:8:      layout_cave_pools, kennysheep_little_box
D:9:      layout_irregular_city, nemelex_xobeh_ov_fountains_minmay,
          lair_entry_dummy
D:10:     layout_grid_maze, david_orc_1_choice, serial_shops,
          nicolae_shop_crystal
D:11:     layout_irregular_city, serial_shops, shop, kennysheep_doodads,
          minmay_diced_spiral, uniq_psyche
D:12:     layout_cave_pools, grunt_ministairs_10, minmay_misc_feat_square,
          uniq_josephine
D:13:     layout_basic, enter_trove_2, nicolae_blasting_shop
D:14:     kennysheep_windowed_halls, layout_stronghold, david_vaults_1,
          fiery_altar_vehumet
D:15:     gammafunk_enter_depths_forms, layout_loops_cross,
          nicolae_xom_altar_mimics
Temple:   regret_index_temple_mists
Lair:1:   layout_cave_pods, portal_ice_cave_entry_pillars_1, grunt_megastairs_2
Lair:2:   layout_gridlike, basic_altar, serial_bayou_lagoon_a
Lair:3:   layout_gridlike, shoals_dummy_entry, chequers_serial_rivers_marsh,
          infiniplex_staircase_pool
Lair:4:   layout_cave_shapes, spider_nest_entry_web_field, nzn_sisyphean_effort,
          uniq_kirke
Lair:5:   layout_layer_cave, slime_dummy
Lair:6:   gammafunk_lair_ancient_temple, layout_long_grid, uniq_nessos
Shoals:1: layout_shoals, nicolae_shoals_hidden_pirate_stash, uniq_donald
Shoals:2: layout_shoals
Shoals:3: layout_shoals
Spider:1: layout_chambers, nicolae_spider_claw_tunnel, uniq_asterion,
          uniq_azrael, uniq_mlioglotl, uniq_nikola
Spider:2: layout_spider_delve
Spider:3: nicolae_spider_mines_3, uniq_arachne
Spider:4: spider_rune_water, gammafunk_ghost_necromancy,
          nicolae_spider_wall_of_niches
Orc:1:    layout_diamond_mine, nicolae_shop_overcharged_wands
Orc:2:    st_orc_congregation, layout_diamond_mine, basic_altar,
          ebering_ghost_xom, lemuel_statue_altar
Elf:1:    eino_elf_arrival_altar, layout_gridlike, serial_shops,
          nicolae_shop_advertising_works [nicolae_subvault_shop_adworks],
          minmay_elf_demonology, minmay_misc_feat_columns,
          minmay_strange_pillars
Elf:2:    elven_hall_of_blades_hangedman_original [mumra_blade_entry_dagger],
          layout_loops_corners, portal_desolation_entry_twin_temple,
          serial_shops, shop, orc_legates, uniq_louise
Elf:3:    minmay_elf_hall_not_hex, layout_rooms, serial_shops, shop,
          minivault_4, drop_trap, nicolae_concentric_dashed_squares_mild

Skill      XL: |  1  2  3  4  5  6  7  8  9 10 11 12 13 14 15 16 17 18 19 20 |
---------------+-------------------------------------------------------------+-----
Spellcasting   | 3 4 5 6 8 11 14 | 14.5
Summonings     | 4 5 7 9 10 11 13 16 18 19 | 19.8
Shields        | 1 2 4 5 8 9 11 12 | 12.6
Air Magic      | 2 3 4 |  4.0
Fighting       | 2 5 7 9 11 15 21 | 21.2
Polearms       | 5 6 10 11 | 11.3
Dodging        | 4 5 |  5.9
Translocations | 2 |  2.8
Armour         | 2 5 7 |  7.2
Stealth        | 2 3 |  3.0
Necromancy     | 1 6 8 |  8.4

Action                   |  1- 3 |  4- 6 |  7- 9 | 10-12 | 13-15 | 16-18 | 19-21 || total
-------------------------+-------+-------+-------+-------+-------+-------+-------++-------
Melee: Unarmed           |    54 |       |       |       |       |       |       ||    54
       Dagger            |    60 |   122 |       |       |       |       |       ||   182
       Trident           |       |     4 |    99 |    34 |       |       |       ||   137
       Demon trident     |       |       |       |   347 |   789 |   979 |   773 ||  2888
 Cast: Summon Small Mamm |     6 |       |       |     1 |       |       |       ||     7
       Call Imp          |    12 |    20 |    12 |    14 |       |    18 |       ||    76
       Call Canine Famil |     2 |    21 |    22 |    24 |     5 |       |       ||    74
       Summon Lightning  |       |     1 |    33 |    47 |    13 |       |       ||    94
       Summon Forest     |       |       |       |     8 |    17 |     7 |       ||    32
       Summon Hydra      |       |       |       |       |    49 |    20 |       ||    69
       Summon Horrible T |       |       |       |       |       |    49 |    19 ||    68
       Monstrous Menager |       |       |       |       |       |    42 |    28 ||    70
       Dragon's Call     |       |       |       |       |       |     1 |    13 ||    14
Invok: Curse Item        |       |       |       |     5 |     2 |       |       ||     7
       Shatter the Chain |       |       |       |       |       |     1 |       ||     1
Evoke: Wand              |       |       |       |       |       |       |     1 ||     1
  Use: Scroll            |       |     4 |    10 |     7 |     1 |     1 |     4 ||    27
       Potion            |       |       |     1 |     2 |       |     3 |     6 ||    12
 Stab: Distracted        |     1 |       |     2 |     4 |    15 |    23 |    12 ||    57
       Sleeping          |       |     2 |     2 |    10 |    24 |    24 |    27 ||    89
       Petrified         |       |       |       |       |     1 |       |       ||     1
       Paralysed         |       |       |       |       |       |     1 |     2 ||     3
Armor: Robe              |    77 |    92 |    50 |    23 |    76 |    44 |    86 ||   448
       Troll leather arm |       |       |       |   113 |       |       |       ||   113
Dodge: Dodged            |    87 |    67 |    50 |   212 |   148 |   156 |   205 ||   925
Block: Kite shield       |       |       |     3 |   145 |       |       |       ||   148
       Tower shield      |       |       |       |   178 |   639 |   488 |   654 ||  1959

Table legend: (Time is in decaauts)
 A = Elapsed time spent in this place.
 B = Non-inter-level travel time spent in this place.
 C = Inter-level travel time spent in this place.
 D = Time resting spent in this place.
 E = Time spent auto-exploring this place.
 F = Levels seen in this place.
 G = Mean time per level.
                   A        B        C        D        E       F      G
               +--------+--------+--------+--------+--------+-----+--------+
         Total |  59071 |  57088 |   1983 |  26988 |  21842 |  36 | 1640.9 |
       Dungeon |  25892 |  25145 |    747 |  12860 |   9249 |  15 | 1726.1 |
        Temple |     86 |     67 |     19 |      4 |     35 |   1 |   86.0 |
          Lair |   8618 |   8090 |    528 |   2886 |   3911 |   6 | 1436.3 |
        Shoals |   2741 |   2643 |     98 |    406 |   1836 |   3 |  913.7 |
   Spider Nest |   8569 |   8438 |    131 |   4881 |   2509 |   4 | 2142.2 |
  Orcish Mines |   2469 |   2186 |    283 |    566 |   1145 |   2 | 1234.5 |
   Elven Halls |   7252 |   7078 |    174 |   3670 |   2244 |   3 | 2417.3 |
      Ice Cave |   1860 |   1860 |      0 |   1330 |    125 |   1 | 1860.0 |
    Desolation |   1582 |   1582 |      0 |    383 |    786 |   1 | 1582.0 |
               +--------+--------+--------+--------+--------+-----+--------+

Top non-repeatable levels by time:
Spider:1: 4246 daAuts
   Elf:2: 3724 daAuts
     D:6: 3321 daAuts
  Lair:1: 2478 daAuts
     D:9: 2230 daAuts
     D:2: 2090 daAuts
Spider:4: 2042 daAuts
     D:7: 2015 daAuts
     D:5: 1992 daAuts
     D:1: 1978 daAuts
   IceCv: 1860 daAuts
    D:14: 1836 daAuts
   Elf:3: 1827 daAuts
    D:10: 1820 daAuts
   Orc:2: 1819 daAuts
